 Dungeon Crawl Stone Soup version 0.31-a0-83-gbff143cfd1 (webtiles) character file.

Game seed: 13930554813192513259

2 Esekla the Sneak (level 1, 16/16 HPs)
             Began as an Octopode Delver on May 24, 2023.
             Quit the game in the Ecumenical Temple.
             The game lasted 00:01:02 (88 turns).

Esekla the Sneak (Octopode Delver)                    Turns: 88, Time: 00:01:02

Health: 16/16      AC:  1    Str: 11    XL:     1   Next: 30%
Magic:  1/1        EV: 13    Int: 12    God:
Gold:   27         SH:  0    Dex: 13    Spells: 0/0 levels left

rFire   . . .        a - +0 falchion
rCold   . . .        (no shield)
rNeg    . . .        (helmet restricted)
rPois   .            (no amulet)
rElec   .            (no ring)
rCorr   .            (no ring)
SInv    .            (no ring)
Will    .....        (no ring)
Stlth   ++++         (no ring)
HPRegen 0.22/turn    (no ring)
MPRegen 0.07/turn    (no ring)
                     (no ring)

%: no passive effects
@: no status effects
A: almost no armour, amphibious, 8 rings, camouflage 1, gelatinous body 1,
(nimble swimmer 1), tentacles
a: no special abilities


You were in the Ecumenical Temple.
You visited 2 branches of the dungeon, and saw 2 of its levels.

You collected 27 gold pieces.

Inventory:

Hand Weapons
 a - a +0 falchion (weapon)
 c - a +0 trident
Wands
 f - a wand of digging (3)
Scrolls
 b - a scroll of fog
 d - a scroll of fear
Potions
 e - a potion of haste


   Skills:
 * Level 3.0 Fighting
 * Level 2.0 Long Blades
 * Level 2.0 Dodging
 + Level 6.6 Stealth


You couldn't memorise any spells.
You didn't know any spells.
Your spell library contained the following spells:

 Spells                   Type           Power      Damage    Failure   Level
 Sandblast                Erth           0%         2d4       32%         1
 Passwall                 Tmut/Erth      0%         N/A       45%         2
 Stone Arrow              Conj/Erth      0%         3d7       69%         3


Dungeon Overview and Level Annotations

Branches:
Dungeon (5/15)             Temple (1/1) D:5

Altars:
Ashenzari
Cheibriados
Dithmenos
Fedhas
Kikubaaqudgha
Makhleb
Qazlal
Ru
Sif Muna
Trog
Uskayaw
Vehumet
Wu Jian
Xom
Yredelemnul


Innate Abilities, Weirdness & Mutations

You cannot wear most types of armour.
You are amphibious.
You can wear up to eight rings at the same time.
Your skin changes colour to match your surroundings (Stealth+).
Your rubbery body absorbs attacks. (AC +1, EV +1)
((You are camouflaged when in or above water. (Stealth+)))
You have tentacles for arms and can constrict up to eight enemies at once.


Message History

You feel aware of your surroundings.
Found a short sword.
An orc comes into view. It is wielding a +0 short sword.
A water moccasin comes into view.
Found 3 gold pieces.
Found a trident.
Found a staircase to the Ecumenical Temple.
Found 10 gold pieces and a book of Geomancy.
Found 14 gold pieces.
Found an escape hatch in the floor.
The helpless orc fails to defend itself.
You hit the orc. You grab the orc.
The orc is almost dead.
You constrict the orc, but do no damage.
The orc barely misses you.
You hit the orc but do no damage.
The orc is almost dead.
You constrict the orc, but do no damage.
The orc closely misses you.
You hit the orc.
You kill the orc!
Things that are here:
a +0 short sword; a +0 scale mail
Found 2 throwing nets.
You now have 3 gold pieces.
You see here a +0 trident.
c - a +0 trident You now have 13 gold pieces (gained 10).
There is a staircase to the Ecumenical Temple here.
You now have 27 gold pieces (gained 14).
You pick up a book of Geomancy and begin reading...
You add the spells Sandblast, Passwall and Stone Arrow to your library.
There is a staircase to the Ecumenical Temple here.
You climb downwards.
Welcome to the Ecumenical Temple!
Found seven altars.
There is a staircase back to the Dungeon here.
Found four altars.
There is a staircase back to the Dungeon here.
Found four altars.
There is a staircase back to the Dungeon here.
Are you sure you want to abandon this character and quit the game? (Confirm with "yes".)

#######
##_..._##
##.......##
#.........#
#_.._._.._#
#.........#
##.......##
##_.@._##
###.### #<#
###.###
##_..._##
##.......##
#.........#
#_..._..._#
#.........#


There were no monsters in sight!

Vanquished Creatures
  An orc (D:5)
1 creature vanquished.

Notes
Turn   | Place    | Note
-------+----------+-------------------------------------------
     0 | D:5      | Esekla the Octopode Delver began the quest for the Orb.
     0 | D:5      | Reached XP level 1. HP: 16/16 MP: 1/1
    33 | D:5      | Noticed a water moccasin
    44 | D:5      | Found a staircase to the Ecumenical Temple.
    69 | Temple   | Entered the Ecumenical Temple
    88 | Temple   | Quit the game

Illustrated notes

Levels and vault maps discovered:
D:5:      layout_loops_ring, minmay_temple_entry_offerings, uniq_sigmund
Temple:   hellmonk_temple_two_chambers

Action                     || total
---------------------------++-------
  Melee: Falchion          ||     3
         Constrict         ||     1
    Use: Scroll            ||     1
   Stab: Sleeping          ||     1
  Dodge: Dodged            ||     2

Table legend: (Time is in decaauts)
 A = Elapsed time spent in this place.
 B = Non-inter-level travel time spent in this place.
 C = Inter-level travel time spent in this place.
 D = Time resting spent in this place.
 E = Time spent auto-exploring this place.
 F = Levels seen in this place.
 G = Mean time per level.
                   A        B        C        D        E       F      G
               +--------+--------+--------+--------+--------+-----+--------+
         Total |     88 |     88 |      0 |      0 |      0 |   2 |   44.0 |
       Dungeon |     69 |     69 |      0 |      0 |      0 |   1 |   69.0 |
        Temple |     18 |     18 |      0 |      0 |      0 |   1 |   18.0 |
               +--------+--------+--------+--------+--------+-----+--------+

Top non-repeatable levels by time:
     D:5: 69 daAuts
  Temple: 18 daAuts
